 Dungeon Crawl Stone Soup version 0.32-a0-377-g951292165a (webtiles) character file.

Game seed: 6413465508642880211

376 Revguard the Sneak (level 6, -3/46 HPs)
             Began as a Coglin Brigand on Feb 19, 2024.
             Was an Initiate of Okawaru.
             Slain by a lemure (4 damage)
             ... led by Pikel
             ... on level 4 of the Dungeon.
             The game lasted 00:08:28 (2826 turns).

Revguard the Sneak (Coglin Brigand)                 Turns: 2826, Time: 00:08:29

Health: -3/46      AC: 10    Str: 12    XL:     6   Next: 73%
Magic:  6/6        EV: 11    Int: 10    God:    Okawaru [......]
Gold:   255        SH:  0    Dex: 17    Spells: 5/5 levels left

rFire   . . .        a - +2 dagger {Ishleen}
rCold   . . .        h - +2 dagger (distort) {Deepnoor}
rNeg    . . .        f - +0 ring mail
rPois   .            l - +0 helmet
rElec   .            j - +2 cloak
rCorr   .            m - +0 pair of gloves
SInv    .            (no boots)
Will    .....        (no amulet)
Stlth   ++           (no ring)
HPRegen 0.27/turn    (no ring)
MPRegen 0.10/turn

%: no passive effects
@: revved, stiff-legged, very slow
A: off-hand wielding, slow wielding, warmup strikes, warmup strides
a: Renounce Religion


You were on level 4 of the Dungeon.
You worshipped Okawaru.
Okawaru was noncommittal.
You visited 1 branch of the dungeon, and saw 4 of its levels.

You collected 255 gold pieces.

Inventory:

Hand Weapons
 a - a +2 dagger (weapon) {Ishleen}
 h - a +2 dagger of distortion (worn) {Deepnoor}
 n - a +0 long sword
Missiles
 d - 21 poisoned darts (quivered)
 e - 3 curare-tipped darts
Armour
 b - a +0 robe
 c - a +0 cloak
 f - a +0 ring mail (worn)
 j - a +2 cloak (worn)
 l - a +0 helmet (worn)
 m - a +0 pair of gloves (worn)
Jewellery
 q - an amulet of faith
Scrolls
 g - 2 scrolls of immolation
 i - 2 scrolls of noise
 k - a scroll of enchant weapon {unknown}
 o - a scroll of enchant armour
 p - a scroll of revelation
 r - 2 scrolls of poison


   Skills:
 + Level 2.9 Fighting
 * Level 2.8(3.0) Short Blades
 - Level 1.7(2.6) Long Blades
 - Level 1.7 Throwing
 + Level 1.7 Armour
 + Level 2.1 Dodging
 * Level 4.5 Stealth
 + Level 0.5 Invocations
 + Level 2.4 Evocations


You had 5 spell levels left.
You didn't know any spells.
Your spell library contained the following spells:

 Spells                   Type           Power      Damage    Failure   Level
 Dazzling Flash           Conj/Hex       0%         N/A       94%         3
 Volatile Blastmotes      Fire/Tloc      0%         2d10      94%         3
 Starburst                Conj/Fire      0%         6d3       100%        6
 Maxwell's Capacitive Co  Air            0%         ∞         100%        8


Dungeon Overview and Level Annotations

Branches:
Dungeon (4/15)
 Temple: D:4-7

Altars:
Okawaru
Ru
Sif Muna
Zin

Annotations:
D:4 Pikel


Innate Abilities, Weirdness & Mutations

You can wield a second weapon in your off-hand.
It takes a long time for you to wield or remove held weapons.
Your first few attacks do less damage.
Your first movements take longer.


Message History

The lemure hits you but does no damage. The scorpion barely misses you.
You completely miss the scorpion with your +2 dagger.
The scorpion is moderately wounded.
You hit the scorpion with your +2 dagger of distortion.
The scorpion blinks!
You feel sick. The lemure closely misses you.
You hit the lemure with your +2 dagger of distortion.
Space warps around the lemure.
The lemure is almost dead.
You hit the lemure with your +2 dagger.
You kill the lemure!
That felt strangely unrewarding.
You feel sick.
You barely miss Pikel with your +2 dagger of distortion.
You hit Pikel with your +2 dagger.
You feel sick.
Pikel hits you with a +1 whip of electrocution.
* * * LOW HITPOINT WARNING * * *
You hit Pikel but do no damage.
Pikel is lightly wounded.
You hit Pikel but do no damage.
Space warps horribly around Pikel!
You feel sick.
Pikel hits you with a +1 whip of electrocution.
* * * LOW HITPOINT WARNING * * *
You barely miss Pikel with your +2 dagger.
Pikel is heavily wounded.
You hit Pikel but do no damage.
Space warps around Pikel.
You feel sick.
You hit Pikel but do no damage.
Pikel is heavily wounded.
You hit Pikel but do no damage.
Pikel blinks!
You feel sick.
You closely miss the scorpion with your +2 dagger of distortion.
The scorpion is moderately wounded.
You hit the scorpion with your +2 dagger.
You feel sick.
You are no longer poisoned.
The lemure hits you.
* * * LOW HITPOINT WARNING * * *
The scorpion misses you.
You hit the scorpion but do no damage.
The scorpion is moderately wounded.
You hit the scorpion but do no damage.
The scorpion blinks!
The lemure hits you.
You die...

...............#
#.#
##.##.##.##....#
#.#
#.##.##.#####.#
#.# #.......#
#.# #.#
####.#### #.#
#.# #.# #.# #.#
#.# ###.### #.#
#.# #.s.§.#
##.## #.###@#
##...# ... #5#
#...#.# ### #.#
#..#.## #.....#
#.#.## #
......$.# #.###
# #####.###
###.# # #. #...#
# #. #.### # #
#.#


You could see a lemure and a scorpion.

Vanquished Creatures
  A centaur (D:4)
  2 lemures (D:4)
  A bombardier beetle (D:4)
  2 orc priests (D:3)
  7 adders
  2 dart slugs (D:2)
  A ribbon worm (D:2)
  4 orcs (D:3)
  8 ball pythons
  12 endoplasms
  2 giant cockroaches
  4 goblins
  4 hobgoblins
  4 jackals (D:4)
  8 kobolds
  2 bats (D:2)
  6 frilled lizards
  8 rats
78 creatures vanquished.

Vanquished Creatures (others)
  A ball python (D:4)
1 creature vanquished.

Grand Total: 79 creatures vanquished

Notes
Turn   | Place    | Note
-------+----------+-------------------------------------------
     0 | D:1      | Revguard the Coglin Brigand began the quest for the Orb.
     0 | D:1      | Reached XP level 1. HP: 16/16 MP: 1/1
    82 | D:1      | Reached skill level 1 in Dodging
   124 | D:1      | Reached XP level 2. HP: 20/22 MP: 2/2
   184 | D:1      | Reached skill level 1 in Long Blades
   320 | D:1      | Found a faded altar of an unknown god.
   331 | D:1      | Reached skill level 1 in Evocations
   331 | D:1      | Reached XP level 3. HP: 27/27 MP: 3/3
  1005 | D:2      | Reached XP level 4. HP: 33/33 MP: 4/4
  1042 | D:2      | Found a glowing silver altar of Zin.
  1541 | D:3      | Found a sacrificial altar of Ru.
  1574 | D:3      | Reached skill level 1 in Armour
  1574 | D:3      | Reached skill level 4 in Stealth
  1593 | D:3      | Found a shimmering blue altar of Sif Muna.
  1611 | D:3      | Reached XP level 5. HP: 37/39 MP: 5/5
  1736 | D:3      | HP: 1/39 [orc priest/divine providence (8)]
  2108 | D:3      | Found an iron altar of Okawaru.
  2133 | D:3      | Became a worshipper of Warmaster Okawaru
  2331 | D:4      | Noticed a centaur
  2332 | D:4      | Reached XP level 6. HP: 44/46 MP: 6/6
  2800 | D:4      | Noticed Pikel
  2825 | D:4      | HP: 1/46 [lemure[Pikel] (2)]
  2826 | D:4      | Slain by a lemure

Illustrated notes

Levels and vault maps discovered:
D:1:      dpeg_arrival_ratfight, layout_basic,
          shapermc_ecumenical_altar_totnotflames, kennysheep_doodads
D:2:      layout_rooms, basic_altar
D:3:      layout_loops_cross, mainiacjoe_overflow_brackets,
          mainiacjoe_overflow_tiny_flanked, hangedman_ru_absence,
          minmay_bisected
D:4:      layout_loops_ring, uniq_pikel

Skill      XL: |  1  2  3  4  5  6 |
---------------+-------------------+-----
Dodging        | 1 2 |  2.1
Long Blades    | 1 |  1.7
Evocations     | 1 2 |  2.4
Armour         | 1 |  1.7
Stealth        | 4 |  4.5
Short Blades   | 2 |  2.8
Fighting       | |  2.9
Throwing       | |  1.7
Invocations    | |  0.5

Action                     |  1- 3 |  4- 6 || total
---------------------------+-------+-------++-------
  Melee: Dagger            |    84 |   194 ||   278
    Use: Scroll            |     3 |     6 ||     9
         Potion            |       |     3 ||     3
   Stab: Sleeping          |     3 |     9 ||    12
 Armour: Ring mail         |    35 |    80 ||   115
  Dodge: Dodged            |    32 |    66 ||    98

Table legend: (Time is in decaauts)
 A = Elapsed time spent in this place.
 B = Non-inter-level travel time spent in this place.
 C = Inter-level travel time spent in this place.
 D = Time resting spent in this place.
 E = Time spent auto-exploring this place.
 F = Levels seen in this place.
 G = Mean time per level.
                   A        B        C        D        E       F      G
               +--------+--------+--------+--------+--------+-----+--------+
         Total |   2934 |   2767 |    167 |    111 |   1910 |   4 |  733.5 |
       Dungeon |   2934 |   2767 |    167 |    111 |   1910 |   4 |  733.5 |
               +--------+--------+--------+--------+--------+-----+--------+

Top non-repeatable levels by time:
     D:1: 903 daAuts
     D:3: 841 daAuts
     D:2: 660 daAuts
     D:4: 529 daAuts
